[Event "December 12 Early 2023"]
[Site "https://www.chess.com"]
[Date "2023.12.12"]
[Round "1"]
[White "Yaran, Siar"]
[Black "Manon-og, Ramon Jr."]
[Result "1-0"]
[Board "115"]
[TimeControl "180+1"]
[WhiteFideId "6323006"]
[BlackFideId "5200776"]
[WhiteElo "2699"]
[BlackElo "2395"]
[WhiteTeam "TUR"]
[BlackTeam "PHI"]
[WhiteClock "0:00:56"]
[BlackClock "0:00:14"]

1. e4 c5 2. Nf3 d6 3. d4 cxd4 4. Nxd4 Nf6 5. Nc3 a6 6. Bg5 e6 7. f4 Be7 8. Qf3 Qc7 9. O-O-O Nbd7 10. g4 h6 11. Bxf6 Nxf6 12. h4 e5 13. Nf5 Bxf5 14. exf5 O-O-O 15. g5 e4 16. Qh3 hxg5 17. fxg5 Qa5 18. gxf6 Bxf6 19. Nxe4 Qxa2 20. Nxf6 gxf6 21. Qa3 Qxa3 22. bxa3 d5 23. h5 b5 24. h6 Rh7 25. Rd4 Kc7 26. Kd2 Kd6 27. Bd3 Rdh8 28. Rdh4 Rg8 29. a4 Rg2+ 30. Ke3 Ke5 31. axb5 axb5 32. Rb4 Rg3+ 33. Kf2 Rg5 34. Rxb5 Kd4 35. Rb6 1-0

[Event "December 12 Early 2023"]
[Site "https://www.chess.com"]
[Date "2023.12.12"]
[Round "1"]
[White "Zivic, Dragan"]
[Black "Pakleza, Zbigniew"]
[Result "1/2-1/2"]
[Board "116"]
[TimeControl "180+1"]
[WhiteFideId "904740"]
[BlackFideId "1119290"]
[WhiteElo "2391"]
[BlackElo "2693"]
[WhiteTeam "SRB"]
[BlackTeam "POL"]
[WhiteClock "0:00:18"]
[BlackClock "0:00:05"]

1. c4 c6 2. Nc3 Nf6 3. Nf3 d5 4. cxd5 cxd5 5. d4 Nc6 6. Bf4 Qb6 7. Qc2 Nb4 8. Qb3 Bf5 9. Rc1 Nc2+ 10. Kd2 Nb4 11. a3 Nc6 12. Qxb6 axb6 13. e3 Na5 14. Bb5+ Bd7 15. Ke2 e6 16. Ne5 Be7 17. Bxd7+ Nxd7 18. Nb5 Rd8 19. Nxd7 Rxd7 20. Rc8+ Rd8 21. Rc7 Rd7 22. Rhc1 Nc6 23. Rc8+ Rd8 24. Rxd8+ Kxd8 25. Bc7+ Kd7 26. Bxb6 Rc8 27. Rc3 f6 28. Bc5 Bd8 29. Na7 Nxa7 30. Bxa7 Rxc3 31. bxc3 Kc6 32. a4 b5 33. axb5+ Kxb5 34. Kd3 f5 35. f3 g6 36. Bc5 Bc7 37. h3 h5 38. Bb4 Bg3 39. e4 Bc7 40. Bc5 Bf4 41. exf5 exf5 42. g4 Bg5 43. gxf5 gxf5 44. Bd6 Bh6 45. Bc5 Bg5 46. Bd6 Bh6 47. Bc5 Bf4 48. Be7 Bh6 49. Bc5 1/2-1/2

[Event "December 12 Early 2023"]
[Site "https://www.chess.com"]
[Date "2023.12.12"]
[Round "1"]
[White "Chinguun, Sumiya"]
[Black "Carrasco Miranda, Andres"]
[Result "1-0"]
[Board "117"]
[TimeControl "180+1"]
[WhiteFideId "4902572"]
[BlackFideId "3405990"]
[WhiteElo "2687"]
[BlackElo "2390"]
[WhiteTeam "MGL"]
[BlackTeam "CHI"]
[WhiteClock "0:02:30"]
[BlackClock "0:01:26"]

1. e4 e5 2. Nf3 Nc6 3. Bc4 Bc5 4. O-O Nf6 5. d3 d6 6. c3 a5 7. a4 Ba7 8. Bg5 h6 9. Bh4 g5 10. Bg3 Be6 11. Nbd2 Qd7 12. Rb1 Bg4 13. Qb3 Bb6 14. Bb5 Be6 15. Qc2 Nh5 16. d4 exd4 17. Nxd4 O-O 18. N2f3 g4 19. Nh4 Bxd4 20. cxd4 Nxd4 21. Qd2 Nxb5 22. axb5 Kg7 23. b6 cxb6 24. Bxd6 Rad8 25. Bxf8+ Kxf8 26. Qxh6+ Ng7 27. Qh8+ 1-0

[Event "December 12 Early 2023"]
[Site "https://www.chess.com"]
[Date "2023.12.12"]
[Round "1"]
[White "Balla, Tamas-Kristof"]
[Black "Manelyuk, Daniil"]
[Result "0-1"]
[Board "118"]
[TimeControl "180+1"]
[WhiteFideId "1208497"]
[BlackFideId "44173920"]
[WhiteElo "2389"]
[BlackElo "2683"]
[WhiteTeam "ROU"]
[BlackTeam "RUS"]
[WhiteClock "0:00:33"]
[BlackClock "0:01:35"]

1. e4 e6 2. d4 d5 3. Nd2 Be7 4. e5 c5 5. dxc5 Nc6 6. Ngf3 Nh6 7. Bd3 Ng4 8. Qe2 Qc7 9. Nb3 Ngxe5 10. Nxe5 Qxe5 11. Be3 Qxb2 12. O-O O-O 13. Qh5 f5 14. Rfe1 Qf6 15. Rad1 e5 16. Bb5 Be6 17. h4 h6 18. f4 Qxh4 19. Qg6 Rf6 0-1

[Event "December 12 Early 2023"]
[Site "https://www.chess.com"]
[Date "2023.12.12"]
[Round "1"]
[White "Poormosavi, Seyed Kian"]
[Black "Semenenko, Dmytry"]
[Result "1-0"]
[Board "119"]
[TimeControl "180+1"]
[WhiteFideId "12585807"]
[BlackFideId "14118645"]
[WhiteElo "2680"]
[BlackElo "2389"]
[WhiteTeam "IRI"]
[BlackTeam "UKR"]
[WhiteClock "0:00:22"]
[BlackClock "0:00:08"]

1. Nf3 d5 2. g3 c6 3. Bg2 Nf6 4. O-O Bf5 5. d3 h6 6. c4 e6 7. cxd5 exd5 8. Nc3 Be7 9. Nd4 Bh7 10. e4 dxe4 11. dxe4 O-O 12. Be3 Nbd7 13. f3 Ne5 14. Qe2 Bc5 15. Rfd1 Qc7 16. Rac1 Rad8 17. Bf2 Rfe8 18. a3 b5 19. b4 Bxd4 20. Bxd4 Nc4 21. a4 a6 22. axb5 axb5 23. f4 Re7 24. Bxf6 gxf6 25. Rxd8+ Qxd8 26. Rd1 Qb6+ 27. Qf2 Qc7 28. Qc5 Rd7 29. Rd4 Rxd4 30. Qxd4 Qd6 31. Qxd6 Nxd6 32. Kf2 Kf8 33. Ke3 Ke7 34. Kd4 Nb7 35. f5 Kd6 36. Bf1 h5 37. Be2 Ke7 38. Bxh5 Nd6 39. Be2 Kd7 40. h4 Ne8 41. Nxb5 Ng7 42. Na3 Bxf5 43. exf5 Nxf5+ 44. Kc5 Nxg3 45. Bf3 Kc7 46. Bxc6 f5 47. Nb5+ Kb8 48. Nd4 f4 49. b5 Nh5 50. b6 Nf6 51. Bf3 Nd7+ 52. Kb5 Ne5 53. h5 Kc8 54. h6 Ng6 55. h7 f5 56. Ka6 Kb8 57. Nc6+ Kc8 58. b7+ Kc7 59. b8=Q+ Kd7 60. Qd8+ Ke6 61. Bd5# 1-0

[Event "December 12 Early 2023"]
[Site "https://www.chess.com"]
[Date "2023.12.12"]
[Round "1"]
[White "Matveeva, Olga"]
[Black "Schnaider, Ilan"]
[Result "1/2-1/2"]
[Board "120"]
[TimeControl "180+1"]
[WhiteFideId "24107018"]
[BlackFideId "169013"]
[WhiteElo "2385"]
[BlackElo "2680"]
[WhiteTeam "RUS"]
[BlackTeam "ARG"]
[WhiteClock "0:00:14"]
[BlackClock "0:00:14"]

1. d4 d5 2. c4 c6 3. Nf3 Nf6 4. Qb3 dxc4 5. Qxc4 Bf5 6. g3 e6 7. Bg2 Be7 8. O-O h6 9. Nc3 O-O 10. Re1 Ne4 11. Qb3 Qc8 12. Ne5 Nxc3 13. bxc3 Nd7 14. e4 Bh7 15. Nc4 Rd8 16. Ba3 Bxa3 17. Qxa3 Nb6 18. Nd6 Qc7 19. e5 Nc8 20. Ne4 Ne7 21. Rad1 Bxe4 22. Bxe4 Nd5 23. c4 Nb6 24. Qc1 Rd7 25. Bb1 Rad8 26. Re4 c5 27. d5 exd5 28. cxd5 Rxd5 29. Rde1 Rd4 30. Qc2 Rd2 31. Qc3 Rd1 32. e6 fxe6 33. Rxe6 Qf7 34. Qc2 Qxe6 35. Rxd1 Rxd1+ 36. Qxd1 Nd5 37. Bc2 Nb4 38. Qd8+ Kf7 39. Bb3 c4 40. Qc7+ Kg6 41. Bxc4 Qe1+ 42. Kg2 Qe4+ 43. Kg1 Kh7 44. Qf7 Nd3 45. Qg8+ Kg6 46. Qf7+ Kh7 47. Qg8+ Kg6 48. Qf7+ Kh7 1/2-1/2

[Event "December 12 Early 2023"]
[Site "https://www.chess.com"]
[Date "2023.12.12"]
[Round "1"]
[White "Kislinsky, Alexey"]
[Black "Mesquita, Eduardo Barbosa"]
[Result "0-1"]
[Board "121"]
[TimeControl "180+1"]
[WhiteFideId "14108801"]
[BlackFideId "22757163"]
[WhiteElo "2678"]
[BlackElo "2385"]
[WhiteTeam "CZE"]
[BlackTeam "BRA"]
[WhiteClock "0:00:11"]
[BlackClock "0:00:14"]

1. e4 c5 2. c3 Nf6 3. e5 Nd5 4. Bc4 Nb6 5. Bb3 d5 6. exd6 Qxd6 7. Nf3 e6 8. O-O Be7 9. d4 O-O 10. dxc5 Qxc5 11. Qe2 Nc6 12. Nbd2 Na5 13. Bc2 Qc7 14. Ne4 h6 15. Ng3 Nd5 16. Rd1 Rd8 17. Nh5 Bf8 18. Ne5 Nc6 19. Nxc6 bxc6 20. a3 a5 21. c4 Ba6 22. Qe4 g6 23. cxd5 cxd5 24. Qd4 gxh5 25. Bb1 Bg7 26. Qe3 Qe5 27. Qf3 Rab8 28. Ra2 Be2 29. Re1 0-1

[Event "December 12 Early 2023"]
[Site "https://www.chess.com"]
[Date "2023.12.12"]
[Round "1"]
[White "Topalov, Aleksandar"]
[Black "Volkov, Maksim"]
[Result "0-1"]
[Board "122"]
[TimeControl "180+1"]
[WhiteFideId "925659"]
[BlackFideId "54123070"]
[WhiteElo "2384"]
[BlackElo "2677"]
[WhiteTeam "SRB"]
[BlackTeam "RUS"]
[WhiteClock "0:00:00"]
[BlackClock "0:00:40"]

1. b3 e5 2. Bb2 Nc6 3. e3 Nf6 4. Bb5 e4 5. Ne2 a6 6. Bxc6 dxc6 7. O-O Bd6 8. Ng3 h5 9. f3 Qe7 10. fxe4 Nxe4 11. Nf5 Bxf5 12. Rxf5 O-O-O 13. d3 Rh6 14. Nd2 Nf6 15. e4 Ng4 16. Nf1 Rg6 17. Qf3 Bc5+ 18. Kh1 Nf2+ 19. Kg1 Nxd3+ 20. Kh1 Nf2+ 21. Kg1 Nxe4+ 22. Kh1 Nf2+ 23. Kg1 Nd1+ 24. Kh1 Nxb2 25. Rxf7 Qd6 26. Qc3 Nd1 0-1

[Event "December 12 Early 2023"]
[Site "https://www.chess.com"]
[Date "2023.12.12"]
[Round "1"]
[White "Tokhirjonova, Gulrukhbegim"]
[Black "Recuero Guerra, Javier"]
[Result "1-0"]
[Board "123"]
[TimeControl "180+1"]
[WhiteFideId "14203626"]
[BlackFideId "2254085"]
[WhiteElo "2676"]
[BlackElo "2378"]
[WhiteTeam "USA"]
[BlackTeam "ESP"]
[WhiteClock "0:00:14"]
[BlackClock "0:00:01"]

1. e4 c5 2. Nf3 e6 3. Nc3 Nc6 4. d4 cxd4 5. Nxd4 Nf6 6. Nxc6 bxc6 7. e5 Nd5 8. Ne4 Bb7 9. a3 c5 10. c4 Ne3 11. Bxe3 Bxe4 12. Qg4 Bc6 13. Bd3 Qa5+ 14. Bd2 Qc7 15. Bc3 h5 16. Qg5 h4 17. h3 Be7 18. Qg4 O-O-O 19. O-O-O g6 20. f4 Rh5 21. Rhf1 d5 22. Bxg6 fxg6 23. Qxg6 Rhh8 24. Qxe6+ Kb8 25. cxd5 Ba4 26. d6 Qc6 27. Rd2 Bf8 28. Qf6 Bh6 29. e6 Qb5 30. Rff2 Qb3 31. d7 Bg7 32. Qxg7 Rhg8 33. Qe5+ Ka8 34. Qe4+ Kb8 35. Be5# 1-0

[Event "December 12 Early 2023"]
[Site "https://www.chess.com"]
[Date "2023.12.12"]
[Round "1"]
[White "La Villa Rivas, Marlon Javier"]
[Black "Nagare Kaivalya Sandip"]
[Result "0-1"]
[Board "124"]
[TimeControl "180+1"]
[WhiteFideId "3519546"]
[BlackFideId "25957929"]
[WhiteElo "2376"]
[BlackElo "2676"]
[WhiteTeam "CUB"]
[BlackTeam "IND"]
[WhiteClock "0:00:26"]
[BlackClock "0:00:36"]

1. e4 e5 2. Nf3 Nc6 3. Bb5 a6 4. Ba4 Nf6 5. d3 b5 6. Bb3 Be7 7. g4 d6 8. g5 Nh5 9. Bd5 Bd7 10. Bxc6 Bxc6 11. Nxe5 dxe5 12. Qxh5 Qd7 13. Nc3 O-O-O 14. Be3 g6 15. Qe2 b4 16. Nb1 f5 17. gxf6 Bxf6 18. Nd2 Bb5 19. O-O-O Rhf8 20. Nb3 Be7 21. Bc5 Bxc5 22. Nxc5 Qe7 23. Qg4+ Kb8 24. Ne6 Bd7 25. Nxd8 Qxd8 26. Qg3 Qf6 27. Kb1 Be6 28. h4 Qf4 29. h5 g5 30. Rhg1 h6 31. d4 exd4 32. Qd3 Qd6 33. e5 Qb6 34. Qxd4 Qa5 35. b3 Qb5 36. Rge1 Kb7 37. Re4 a5 38. f4 g4 39. Re3 Rf7 40. Qe4+ Qc6 41. Qxc6+ Kxc6 42. Rf1 Rf5 43. c4 Rxh5 44. Kc2 Rh2+ 45. Kd3 Bf5+ 46. Kd4 Rd2+ 0-1

[Event "December 12 Early 2023"]
[Site "https://www.chess.com"]
[Date "2023.12.12"]
[Round "1"]
[White "Vishnu Prasanna. V"]
[Black "Kolmagorov, Alexey"]
[Result "1/2-1/2"]
[Board "125"]
[TimeControl "180+1"]
[WhiteFideId "5030692"]
[BlackFideId "34129402"]
[WhiteElo "2675"]
[BlackElo "2375"]
[WhiteTeam "IND"]
[BlackTeam "RUS"]
[WhiteClock "0:01:16"]
[BlackClock "0:00:10"]

1. Nf3 Nf6 2. g3 b5 3. Bg2 Bb7 4. O-O c5 5. d3 e6 6. e4 d6 7. a4 a6 8. Re1 Be7 9. d4 Nxe4 10. axb5 axb5 11. Rxa8 Bxa8 12. dxc5 Nxc5 13. Qe2 Bc6 14. Nd4 Bxg2 15. Qxb5+ Nbd7 16. Kxg2 Qa8+ 17. Kg1 O-O 18. b4 Rb8 19. Qc6 Qa1 20. bxc5 Rxb1 21. Nb3 Qc3 22. Qxd7 Qxe1+ 23. Kg2 Qe4+ 24. Kh3 Qf5+ 25. Kg2 Qe4+ 26. f3 Qxc2+ 27. Kh3 Qf5+ 28. Kg2 Qc2+ 29. Kh3 Qf5+ 30. Kg2 Qc2+ 1/2-1/2

[Event "December 12 Early 2023"]
[Site "https://www.chess.com"]
[Date "2023.12.12"]
[Round "1"]
[White "Ozcan, Kaan"]
[Black "Zavgorodniy, Sergiy"]
[Result "0-1"]
[Board "126"]
[TimeControl "180+1"]
[WhiteFideId "34566422"]
[BlackFideId "14110148"]
[WhiteElo "2374"]
[BlackElo "2674"]
[WhiteTeam "TUR"]
[BlackTeam "UKR"]
[WhiteClock "0:00:12"]
[BlackClock "0:00:12"]

1. Nf3 Nf6 2. g3 d6 3. Bg2 e5 4. d4 e4 5. Ng5 d5 6. c4 c6 7. Nc3 Bb4 8. O-O Bxc3 9. bxc3 O-O 10. cxd5 cxd5 11. c4 h6 12. Nh3 dxc4 13. Nf4 g5 14. Nh3 Nc6 15. Bb2 Nd5 16. Rc1 b5 17. Qc2 f5 18. Rfd1 Be6 19. Ba1 a6 20. Qb2 Qd7 21. f3 exf3 22. exf3 Rae8 23. f4 g4 24. Nf2 Kh7 25. Qb1 h5 26. Re1 Bf7 27. a4 Ncb4 28. axb5 axb5 29. Re5 Rxe5 30. dxe5 Be6 31. Rd1 Qe7 32. h3 Ne3 33. Re1 Nxg2 34. Kxg2 Kg8 35. hxg4 hxg4 36. Bc3 Nd5 37. Bd4 b4 38. Rc1 c3 39. Nd3 Rc8 40. Bc5 Rxc5 41. Nxc5 Qxc5 42. Qd3 b3 43. Ra1 Kf7 44. Qa6 Ne7 45. Qa8 Qc6+ 46. Qxc6 Nxc6 47. Rb1 b2 48. Kf2 Ba2 49. Rxb2 0-1

[Event "December 12 Early 2023"]
[Site "https://www.chess.com"]
[Date "2023.12.12"]
[Round "1"]
[White "Timerkhanov, Alexander"]
[Black "Su, Dion"]
[Result "1-0"]
[Board "127"]
[TimeControl "180+1"]
[WhiteFideId "24177938"]
[BlackFideId "2029731"]
[WhiteElo "2672"]
[BlackElo "2372"]
[WhiteTeam "RUS"]
[BlackTeam "USA"]
[WhiteClock "0:00:46"]
[BlackClock "0:00:24"]

1. d4 Nf6 2. Bg5 Ne4 3. h4 d5 4. Nd2 Nxg5 5. hxg5 c5 6. e3 Nc6 7. c3 Qb6 8. Qb3 e6 9. Ngf3 Be7 10. Bd3 Qd8 11. dxc5 e5 12. e4 dxe4 13. Bxe4 Bxg5 14. Nxg5 Qxg5 15. O-O-O h6 16. Kb1 O-O 17. Nf3 Qf4 18. Rhe1 Bf5 19. Qc2 Bxe4 20. Rxe4 Qf6 21. Rd6 Qe7 22. Nxe5 Nxe5 23. f4 f6 24. fxe5 fxe5 25. Qe2 Rae8 26. a4 b6 27. Rd5 Qb7 28. Qc4 Kh7 29. c6 Qc7 30. Rd7 Qc8 31. Rg4 Re7 32. Rxe7 1-0

[Event "December 12 Early 2023"]
[Site "https://www.chess.com"]
[Date "2023.12.12"]
[Round "1"]
[White "NovakRatko"]
[Black "Makhnev, Denis"]
[Result "0-1"]
[Board "128"]
[TimeControl "180+1"]
[BlackFideId "13707647"]
[WhiteElo "2370"]
[BlackElo "2670"]
[BlackTeam "KAZ"]
[WhiteClock "0:00:00"]
[BlackClock "0:02:28"]

1. d4 d5 2. c4 c6 3. c5 e5 4. dxe5 Bxc5 5. Nf3 Bg4 6. Nc3 Nd7 7. e3 Nxe5 8. Be2 Bxf3 9. Bxf3 Nf6 10. O-O O-O 11. a3 Re8 12. b4 Bb6 13. Bb2 Nc4 14. Nxd5 Nxb2 0-1

[Event "December 12 Early 2023"]
[Site "https://www.chess.com"]
[Date "2023.12.12"]
[Round "1"]
[White "Gontcharov, Vladislav"]
[Black "Koridze, Lile"]
[Result "1/2-1/2"]
[Board "129"]
[TimeControl "180+1"]
[WhiteFideId "4123492"]
[BlackFideId "13612514"]
[WhiteElo "2670"]
[BlackElo "2367"]
[WhiteTeam "RUS"]
[BlackTeam "GEO"]
[WhiteClock "0:00:34"]
[BlackClock "0:00:56"]

1. d4 Nf6 2. c4 e6 3. Nc3 Bb4 4. e3 O-O 5. Bd3 d5 6. Nf3 c5 7. O-O cxd4 8. exd4 dxc4 9. Bxc4 b6 10. Qe2 Bb7 11. Rd1 Nc6 12. Bg5 h6 13. Bh4 Be7 14. Rac1 Nd5 15. Bxe7 Ndxe7 16. Bd3 Nd5 17. Bb1 Nf6 18. Ne5 Rc8 19. Ng4 Nxg4 20. Qxg4 Qf6 21. d5 Ne5 22. Qe4 Ng6 23. Qd4 Qg5 24. Bxg6 Qxg6 25. f3 Rcd8 26. Qe4 Qf6 27. Qd4 Qg6 28. Qe4 Qf6 29. Qd4 Qg6 1/2-1/2

[Event "December 12 Early 2023"]
[Site "https://www.chess.com"]
[Date "2023.12.12"]
[Round "1"]
[White "Melikhov, Evgeny V."]
[Black "Piesik, Piotr"]
[Result "0-1"]
[Board "130"]
[TimeControl "180+1"]
[WhiteFideId "4122046"]
[BlackFideId "1136194"]
[WhiteElo "2366"]
[BlackElo "2669"]
[WhiteTeam "GRE"]
[BlackTeam "CZE"]
[WhiteClock "0:00:29"]
[BlackClock "0:02:01"]

1. d4 c5 2. d5 e5 3. e4 d6 4. Bb5+ Nd7 5. a4 Be7 6. Nc3 Bg5 7. Nf3 Bxc1 8. Qxc1 Ne7 9. O-O O-O 10. h3 Ng6 11. Re1 Nf4 12. Bf1 Qf6 13. Nh2 Qg6 14. g3 Nf6 15. h4 N6h5 16. Re3 f5 17. exf5 Bxf5 18. Ne2 Nxd5 19. Rb3 b6 20. Raa3 Bxc2 21. Rf3 Be4 22. Rxf8+ Rxf8 23. Qg5 Nhf6 24. Qxg6 Bxg6 25. Bh3 Nb4 26. Be6+ Bf7 27. Bxf7+ Kxf7 28. Nf3 h6 29. Nc3 Ke6 30. a5 Nfd5 31. axb6 axb6 32. Ra7 Rxf3 0-1

[Event "December 12 Early 2023"]
[Site "https://www.chess.com"]
[Date "2023.12.12"]
[Round "1"]
[White "Ambartsumova, Karina"]
[Black "Barath1308"]
[Result "1/2-1/2"]
[Board "131"]
[TimeControl "180+1"]
[WhiteFideId "4166299"]
[WhiteElo "2667"]
[BlackElo "2365"]
[WhiteTeam "RUS"]
[WhiteClock "0:00:11"]
[BlackClock "0:00:33"]

1. d4 Nf6 2. c4 g6 3. g3 Bg7 4. Bg2 O-O 5. Nc3 d6 6. h3 Nc6 7. Nf3 a6 8. O-O Rb8 9. Be3 Bd7 10. b3 e5 11. Rc1 Re8 12. Qd2 exd4 13. Nxd4 Nxd4 14. Bxd4 Bc6 15. f3 h5 16. h4 Kh7 17. e4 Bh6 18. Be3 Bxe3+ 19. Qxe3 Qe7 20. Rcd1 Qf8 21. Qg5 Nd7 22. Qd2 Qh6 23. f4 Nc5 24. Qd4 Qg7 25. e5 Bxg2 26. Kxg2 Ne6 27. Qe3 dxe5 28. f5 Nd4 29. fxg6+ fxg6 30. Ne4 Rf8 31. Rde1 Rf5 32. Ng5+ Kg8 33. Rxf5 Nxf5 34. Qxe5 Qxe5 35. Rxe5 Rd8 36. Re2 Rd3 37. Ne4 Nd4 38. Rf2 Re3 39. Nc5 Nf5 40. Rf3 Re2+ 41. Kh3 Rxa2 42. Nxb7 a5 43. Nc5 Kf7 44. Rd3 Nd6 45. Na6 a4 46. bxa4 Rxa4 47. Nxc7 Rxc4 48. Rxd6 Rxc7 49. Rd4 Kg7 50. Rf4 Rf7 51. Rxf7+ Kxf7 52. Kg2 Kf6 53. Kf3 Kf5 54. Kf2 g5 55. hxg5 Kxg5 56. Kf3 h4 57. gxh4+ Kxh4 1/2-1/2

[Event "December 12 Early 2023"]
[Site "https://www.chess.com"]
[Date "2023.12.12"]
[Round "1"]
[White "Gutkin, Ilya"]
[Black "BestStelker"]
[Result "0-1"]
[Board "132"]
[TimeControl "180+1"]
[WhiteFideId "16203470"]
[WhiteElo "2365"]
[BlackElo "2665"]
[WhiteTeam "GER"]
[WhiteClock "0:01:07"]
[BlackClock "0:01:28"]

1. e4 e6 2. d4 d5 3. Nc3 Bb4 4. e5 c5 5. a3 Bxc3+ 6. bxc3 Nc6 7. Qg4 g6 8. Nf3 h6 9. h4 Qa5 10. Bd2 Qa4 11. Be2 Qxc2 12. O-O Qe4 13. Nh2 cxd4 14. Qxe4 dxe4 15. Bb5 Bd7 16. Bxc6 Bxc6 17. cxd4 h5 18. Bb4 O-O-O 19. Bd6 Nh6 20. Rfc1 Nf5 21. Bc5 Nxd4 22. Rc4 Nb3 23. Rb1 Nd2 0-1

[Event "December 12 Early 2023"]
[Site "https://www.chess.com"]
[Date "2023.12.12"]
[Round "1"]
[White "Wadsworth, Matthew J"]
[Black "Zaksaite, Salomeja"]
[Result "1-0"]
[Board "133"]
[TimeControl "180+1"]
[WhiteFideId "415804"]
[BlackFideId "12801496"]
[WhiteElo "2665"]
[BlackElo "2361"]
[WhiteTeam "ENG"]
[BlackTeam "LTU"]
[WhiteClock "0:01:08"]
[BlackClock "0:00:00"]

1. e4 e6 2. d4 d5 3. exd5 exd5 4. c4 Nf6 5. Nf3 Bb4+ 6. Nc3 O-O 7. Be2 dxc4 8. O-O Nc6 9. Bxc4 Bg4 10. Be3 Qd7 11. a3 Ba5 12. h3 Bh5 13. Be2 Rad8 14. Na4 Nd5 15. Nc5 Qc8 16. b4 Bb6 17. Bg5 f6 18. Bc1 Nc3 19. Qb3+ Nd5 20. Bc4 Bf7 21. Re1 Nde7 22. Ne6 Nxd4 23. Nfxd4 Bxd4 24. Nxd8 Qxd8 25. Bxf7+ Rxf7 26. Bb2 Bxb2 27. Rad1 Bd4 28. Rxd4 Qxd4 29. Rxe7 Qa1+ 30. Kh2 Qe5+ 31. Rxe5 fxe5 32. Qe6 g6 33. f3 Kg7 34. Qxe5+ Kf8 35. Qh8+ Ke7 36. Qc8 Kd6 37. Qxb7 1-0

[Event "December 12 Early 2023"]
[Site "https://www.chess.com"]
[Date "2023.12.12"]
[Round "1"]
[White "Georg, Heinz"]
[Black "Goltsev, Dmitry"]
[Result "0-1"]
[Board "134"]
[TimeControl "180+1"]
[WhiteFideId "4607295"]
[BlackFideId "24176710"]
[WhiteElo "2360"]
[BlackElo "2664"]
[WhiteTeam "GER"]
[BlackTeam "RUS"]
[WhiteClock "0:00:00"]
[BlackClock "0:00:22"]

1. e4 e6 2. c4 d5 3. cxd5 exd5 4. exd5 Qxd5 5. Nc3 Qd8 6. d4 Nf6 7. Bc4 Bd6 8. Nf3 O-O 9. O-O Bg4 10. h3 Bh5 11. Re1 Nc6 12. g4 Bg6 13. Ne5 Bxe5 14. dxe5 Qxd1 15. Nxd1 Nd7 16. f4 Nd4 17. Kf2 Nc2 18. f5 Nxa1 19. Bd3 Rae8 20. Bf4 h6 21. Nc3 Bh7 22. Nd5 c6 23. Nc3 Nc5 24. Bb1 Rd8 25. Ke3 Rfe8 26. b4 Na6 27. Be4 Nxb4 28. Rxa1 Nd5+ 29. Bxd5 cxd5 30. Kd4 g6 31. Rg1 Rd7 32. Bxh6 Rc8 33. e6 fxe6 34. fxe6 Re7 35. Re1 Rc6 36. Nxd5 Rexe6 37. Rf1 Rc8 38. Nf6+ Kh8 39. Bg5 Bg8 40. Nxg8 Kxg8 41. h4 b5 42. h5 gxh5 43. gxh5 Kg7 44. Bf4 Rc4+ 45. Kd5 Re2 46. Be5+ Kh6 47. Rf5 Rxa2 48. Bf4+ Kh7 49. Ke6 Rf2 0-1

[Event "December 12 Early 2023"]
[Site "https://www.chess.com"]
[Date "2023.12.12"]
[Round "1"]
[White "Leiva, Gianmarco"]
[Black "Biernacki, Mark"]
[Result "1-0"]
[Board "135"]
[TimeControl "180+1"]
[WhiteFideId "3804399"]
[BlackFideId "2082322"]
[WhiteElo "2661"]
[BlackElo "2358"]
[WhiteTeam "PER"]
[BlackTeam "USA"]
[WhiteClock "0:00:02"]
[BlackClock "0:00:01"]

1. e4 c6 2. d4 d5 3. exd5 cxd5 4. Bd3 Nc6 5. c3 Nf6 6. Bf4 g6 7. Nd2 Bf5 8. Bxf5 gxf5 9. Ne2 e6 10. Ng3 Bd6 11. Bxd6 Qxd6 12. Nh5 Nxh5 13. Qxh5 Qe7 14. O-O-O O-O-O 15. Kb1 Rhg8 16. g3 Qf6 17. Nf3 Rg4 18. Rde1 Rdg8 19. Ne5 Nxe5 20. dxe5 Qg6 21. Qxg6 fxg6 22. f3 Rc4 23. h4 h5 24. Re3 Kd7 25. b3 Rc6 26. Kc2 Ke7 27. Kd2 Rd8 28. Rd3 Rf8 29. Ke3 Rfc8 30. Rc1 Kf7 31. Kf4 b5 32. Kg5 R8c7 33. a3 a5 34. Kh6 Rc8 35. Kg5 R8c7 36. Kh6 Rc8 37. g4 hxg4 38. fxg4 b4 39. axb4 axb4 40. c4 R8c7 41. h5 gxh5 42. gxh5 Rc8 43. Ra1 R8c7 44. Rg1 dxc4 45. bxc4 Rxc4 46. Rg7+ Kf8 47. Rd8# 1-0

[Event "December 12 Early 2023"]
[Site "https://www.chess.com"]
[Date "2023.12.12"]
[Round "1"]
[White "Kleibel, Uwe"]
[Black "Adla, Diego"]
[Result "0-1"]
[Board "136"]
[TimeControl "180+1"]
[WhiteFideId "1270982"]
[BlackFideId "100072"]
[WhiteElo "2358"]
[BlackElo "2659"]
[WhiteTeam "GER"]
[BlackTeam "ARG"]
[WhiteClock "0:00:23"]
[BlackClock "0:01:51"]

1. d4 Nf6 2. Bf4 d5 3. Nc3 a6 4. e3 b5 5. a3 Bb7 6. Nf3 Nbd7 7. Ne5 e6 8. Be2 c5 9. O-O Nxe5 10. dxe5 Nd7 11. Bf3 Be7 12. e4 d4 13. Ne2 Qc7 14. c3 dxc3 15. bxc3 Nxe5 16. Kh1 Rd8 17. Qc2 O-O 18. a4 Bd6 19. Bxe5 Bxe5 20. axb5 axb5 21. Ng3 Bc6 22. Be2 Qb7 23. f4 Bc7 24. c4 b4 25. Bd3 Rd4 26. Ne2 Rd7 27. f5 exf5 28. Rxf5 Rfd8 29. Rf3 Be5 30. Rd1 b3 31. Qb1 b2 32. Ng3 Bxg3 33. Rxg3 Bxe4 0-1

[Event "December 12 Early 2023"]
[Site "https://www.chess.com"]
[Date "2023.12.12"]
[Round "1"]
[White "Papasimakopoulos, Alexandros"]
[Black "Vigoa Apecheche, Yanira"]
[Result "1-0"]
[Board "137"]
[TimeControl "180+1"]
[WhiteFideId "4244125"]
[BlackFideId "3507041"]
[WhiteElo "2652"]
[BlackElo "2355"]
[WhiteTeam "GRE"]
[BlackTeam "USA"]
[WhiteClock "0:02:10"]
[BlackClock "0:00:21"]

1. d4 Nf6 2. c4 c5 3. d5 b5 4. Nf3 a6 5. a4 b4 6. b3 g6 7. Bb2 Bg7 8. Qc2 O-O 9. Nbd2 d6 10. h3 h6 11. e4 e6 12. dxe6 Bxe6 13. Bd3 Nc6 14. O-O Qd7 15. Rfe1 Rfe8 16. Rad1 Rad8 17. Bf1 Qe7 18. g3 Nd7 19. Bg2 Nd4 20. Nxd4 cxd4 21. Nf3 Nc5 22. Bxd4 Qc7 23. Bxg7 Kxg7 24. Nd4 Kh7 25. Kh2 Qc8 26. f4 Bd7 27. Nf3 Bc6 28. e5 dxe5 29. Nxe5 Bxg2 30. Kxg2 Qb7+ 31. Kh2 Rxd1 32. Rxd1 Kg7 33. Rd5 Ne6 34. Ng4 h5 35. Qb2+ Kf8 36. Qh8+ Ke7 37. Qf6+ Kf8 38. Ne5 Kg8 39. Rd7 1-0

[Event "December 12 Early 2023"]
[Site "https://www.chess.com"]
[Date "2023.12.12"]
[Round "1"]
[White "Zhuk, Valeriy"]
[Black "Souleidis, Georgios"]
[Result "0-1"]
[Board "138"]
[TimeControl "180+1"]
[WhiteFideId "24151254"]
[BlackFideId "4206827"]
[WhiteElo "2355"]
[BlackElo "2650"]
[WhiteTeam "RUS"]
[BlackTeam "GRE"]
[WhiteClock "0:00:00"]
[BlackClock "0:00:07"]

1. Nf3 Nf6 2. c4 g6 3. Nc3 Bg7 4. e4 d6 5. d4 O-O 6. Be2 e5 7. d5 a5 8. Bg5 h6 9. Bh4 Na6 10. Nd2 Qe8 11. a3 Bd7 12. b3 Nh7 13. Rb1 Nc5 14. Qc2 f5 15. f3 fxe4 16. Ndxe4 b6 17. b4 axb4 18. axb4 Nxe4 19. Nxe4 g5 20. Bf2 h5 21. O-O Bf5 22. Bd3 g4 23. fxg4 hxg4 24. c5 bxc5 25. bxc5 Qg6 26. Be3 Ra3 27. Rxf5 Qxf5 28. Nc3 Qh5 29. cxd6 cxd6 30. Nb5 Ra6 31. Nc7 Ra5 32. Bg6 Qh4 33. Ne6 Nf6 34. Bg5 Qh8 35. Rf1 Raa8 36. Qc5 Nd7 37. Qxd6 Rxf1+ 38. Kxf1 Nf8 39. Nxf8 Rxf8+ 40. Kg1 Bf6 41. Qe6+ Kg7 42. Bxf6+ Rxf6 43. Qxg4 Rxg6 44. Qd7+ Kh6 45. Qh3+ Kg7 46. Qd7+ Kg8 47. Qe8+ Kh7 0-1